 Dungeon Crawl Stone Soup version 0.28-a0-991-g956f0ee3d5 (webtiles) character file.

Game seed: 8304165983192462068

1234 horus123 the Ducker (level 8, -3/56 HPs)
             Began as a Demonspawn Gladiator on Dec 5, 2021.
             Slain by a yak (13 damage)
             ... in the Ecumenical Temple.
             The game lasted 00:08:48 (6047 turns).

horus123 the Ducker (Demonspawn Gladiator)          Turns: 6047, Time: 00:08:49

Health: -3/56      AC:  4    Str: 15    XL:     8   Next: 24%
Magic:  0/15       EV: 16    Int:  9    God:
Gold:   184        SH:  0    Dex: 17    Spells: 14/17 levels left

rFire   . . .      SeeInvis .   l - +1 double sword (vorpal)
rCold   . . .      Faith    .   (no shield)
rNeg    . . .      Spirit   +   b - +0 leather armour
rPois   +          Reflect  .   c - +0 helmet
rElec   .          Harm     .   (no cloak)
rCorr   .          Rampage  .   (no gloves)
Will    +....                   (no boots)
Stlth   +.........              h - amulet of the acrobat
HPRegen 0.18/turn               o - ring of willpower
MPRegen 0.28/turn               f - ring of poison resistance

@: no status effects
A: demonic guardian 1, magic shield, magic regeneration, sturdy frame 1
a: no special abilities


You were in the Ecumenical Temple.
You visited 2 branches of the dungeon, and saw 7 of its levels.

You collected 184 gold pieces.

Inventory:

Hand Weapons
 a - a +0 long sword
 l - a +1 vorpal double sword (weapon)
Missiles
 d - 3 throwing nets (quivered)
 u - 2 javelins
Armour
 b - a +0 leather armour (worn)
 c - a +0 helmet (worn)
Jewellery
 f - a ring of poison resistance (right hand)
 h - an amulet of the acrobat (around neck)
 o - a ring of willpower (left hand)
Scrolls
 e - 2 scrolls of amnesia
 g - a scroll of fog
 i - 3 scrolls of silence
 j - a scroll of blinking
 k - a scroll of identify
 m - a scroll of fear
 p - a scroll of noise
 s - 4 scrolls of teleportation {unknown}
 w - a scroll of enchant weapon {unknown}
Potions
 q - 2 potions of degeneration {unknown}
 r - a potion of attraction {unknown}
 t - a potion of magic {unknown}
 v - a potion of brilliance {unknown}


   Skills:
 - Level 2.0 Fighting
 - Level 4.0 Long Blades
 - Level 1.7 Throwing
 - Level 7.2 Dodging
 + Level 5.2 Spellcasting


You had 14 spell levels left.
You knew the following spells:

 Your Spells              Type           Power      Damage    Failure   Level
a - Stone Arrow           Conj/Erth      4%         3d7       58%         3

Your spell library contained the following spells:

 Spells                   Type           Power      Damage    Failure   Level
 Sandblast                Erth           4%         2d4       26%         1
 Passwall                 Tmut/Erth      1%         N/A       36%         2


Dungeon Overview and Level Annotations

Branches:
Dungeon (6/15)             Temple (1/1) D:6

Altars:
Ashenzari
Cheibriados
Dithmenos
Fedhas
Gozag
Hepliaklqana
Nemelex Xobeh
Ru
Sif Muna
Uskayaw
Vehumet
Xom
Zin


Innate Abilities, Weirdness & Mutations

A weak demonic guardian rushes to your aid.
When hurt, damage is shared between your health and your magic reserves.
You regenerate magic rapidly.
Your movements are slightly less encumbered by armour. (ER -2)


Message History

You hit the yak.
The yak is severely wounded.
The yak barely misses you.
Your quasit bites the yak.
Your quasit claws the yak but does no damage. x2
The yak gores you!
* * * LOW HITPOINT WARNING * * *
Unknown command.
You slash the yak!
You kill the yak!
Your quasit closely misses the yak. x2; Your quasit barely misses the yak.
The yak gores you.
* * * LOW HITPOINT WARNING * * *
Your quasit bites the yak but does no damage.
Your quasit claws the yak.
Your quasit claws the yak but does no damage.
The yak gores your quasit.
Your Spellcasting skill increases to level 5!
Your quasit bites the yak.
Your quasit claws the yak but does no damage. x2
The yak completely misses you.
You see here a yak corpse.
Your quasit bites the yak but does no damage.
Your quasit completely misses the yak.
Your quasit claws the yak.
The yak misses you.
Your quasit barely misses the yak.
Your quasit claws the yak but does no damage.
Your quasit barely misses the yak.
Okay, then.
Your quasit barely misses the yak.
Your quasit claws the yak but does no damage.
Your quasit barely misses the yak.
Your quasit bites the yak.
Your quasit claws the yak but does no damage.
Your quasit barely misses the yak.
Your quasit disappears in a puff of smoke!
The yak completely misses you. The yak misses you.
You slash the yak!
The yak is severely wounded.
The yak gores you!
You die...

#.°°☼°○°○°°○○○○.#
#○○°☼○☼°☼○○○☼°☼○#
#○○°_._..._._☼☼☼#
#○○°.........☼○○#
#☼☼☼_......._○○°#
#☼○○....†....°○○#
#☼°°....<..._○○○#
#○○°.........○°°#
#○°○_...@Y...○°☼#
#○○°.........○○°#
#○○°_....._._○○○#
#☼○☼○°○☼☼°○°○°○○#
#○☼○°○○☼○○☼○°☼○○#
#○○○°○○○○○○°○°☼○#
################


You could see a yak.

Vanquished Creatures
  A yak (Temple)
  A hornet zombie (D:6)
  An ice beast (D:5)
  A necrophage (D:4)
  A black bear (D:5)
  A centaur (D:5)
  A scorpion (D:5)
  A bullfrog (D:5)
  A water moccasin skeleton (D:4)
  A howler monkey (D:4)
  A gnoll shaman (D:4)
  A bullfrog zombie (D:5)
  A jelly (D:5)
  2 bullfrog skeletons
  3 gnolls (D:4)
  A howler monkey skeleton (D:4)
  3 adders
  2 ufetubi
  2 adder skeletons (D:4)
  A worm (D:5)
  3 orcs
  2 ball pythons (D:2)
  7 endoplasms
  2 giant cockroaches
  4 goblins
  8 hobgoblins
  6 kobolds
  2 quokkas
  4 bats
  5 frilled lizards
  11 rats
81 creatures vanquished.

Vanquished Creatures (collateral kills)
  A sky beast (D:5)
  Blork the orc (D:4)
  A gnoll (D:4)
  A ball python (D:4)
4 creatures vanquished.

Vanquished Creatures (others)
  2 plants (D:6)
2 creatures vanquished.

Grand Total: 87 creatures vanquished

Notes
Turn   | Place    | Note
-------+----------+-------------------------------------------
     0 | D:1      | horus123 the Demonspawn Gladiator began the quest for the
                  | Orb.
     0 | D:1      | Reached XP level 1. HP: 16/16 MP: 1/1
   340 | D:1      | Gained mutation: You regenerate magic rapidly. [demonic
                  | ancestry]
   340 | D:1      | Reached XP level 2. HP: 22/22 MP: 2/2
  1328 | D:2      | Found a sacrificial altar of Ru.
  1378 | D:2      | Reached XP level 3. HP: 26/27 MP: 3/3
  2293 | D:3      | Identified a scroll of acquirement
  2293 | D:3      | Acquired a +1 vorpal double sword
  2352 | D:3      | Found a faded altar of an unknown god.
  2877 | D:3      | Found a glowing drain.
  2890 | D:3      | Reached skill level 3 in Dodging
  3092 | D:4      | Gained mutation: Your movements are slightly less
                  | encumbered by armour. (ER -2) [demonic ancestry]
  3092 | D:4      | Reached XP level 4. HP: 33/33 MP: 4/4
  3118 | D:4      | Found a radiant altar of Vehumet.
  3127 | D:4      | Reached skill level 4 in Dodging
  3127 | D:4      | Gained mutation: A weak demonic guardian rushes to your
                  | aid. [demonic ancestry]
  3127 | D:4      | Reached XP level 5. HP: 22/38 MP: 5/5
  3269 | D:4      | Noticed Blork the orc
  3298 | D:4      | Killed Blork the orc
  3299 | D:4      | Reached skill level 5 in Dodging
  3316 | D:5      | Entered Level 5 of the Dungeon
  3515 | D:5      | Noticed a centaur
  3519 | D:4      | Reached XP level 6. HP: 25/44 MP: 6/6
  4198 | D:4      | Reached skill level 6 in Dodging
  4361 | D:5      | Noticed a sky beast
  4373 | D:5      | Killed a sky beast
  4742 | D:5      | Gained mutation: When hurt, damage is shared between your
                  | health and your magic reserves. [demonic ancestry]
  4742 | D:5      | Reached XP level 7. HP: 20/50 MP: 7/7
  4744 | D:5      | Reached skill level 7 in Dodging
  5076 | D:5      | Reached skill level 1 in Spellcasting
  5856 | D:6      | Reached XP level 8. HP: 43/56 MP: 11/14
  5966 | D:6      | Learned a level 3 spell: Stone Arrow
  6013 | D:6      | Found a staircase to the Ecumenical Temple.
  6026 | Temple   | Entered the Ecumenical Temple
  6038 | Temple   | Reached skill level 5 in Spellcasting
  6047 | Temple   | Slain by a yak

Illustrated notes

Levels and vault maps discovered:
D:1:      nagdon_arrival_zigzag_paths, layout_basic,
          hangedman_abyss_or_decor_stabs
D:2:      layout_basic, basic_altar, minmay_door_square
D:3:      layout_loops_ring, portal_sewer_entry_a,
          dreamdust_ecumenical_altar_angels_and_demons
D:4:      layout_basic, nicolae_vehumet_altar_sigil, zin_treasury,
          uniq_blork_the_orc
D:5:      layout_loops_ring
D:6:      layout_gridville, pdpol_wu_jian_five_deadly_venoms, marbit_many_paths,
          gammafunk_temple_overflow_forgotten,
          minmay_temple_entry_statues_pillars, uniq_grinder, uniq_sigmund
Temple:   minmay_freezing_vapour_temple

Skill      XL: |  1  2  3  4  5  6  7  8 |
---------------+-------------------------+-----
Long Blades    | 3 4 |  4.0
Dodging        | 3 4 5 6 7 |  7.2
Spellcasting   | 4 5 |  5.2
Fighting       | |  2.0
Throwing       | |  1.7

Action                   |  1- 3 |  4- 6 |  7- 9 || total
-------------------------+-------+-------+-------++-------
Melee: Long sword        |    90 |       |       ||    90
       Double sword      |    30 |    67 |    60 ||   157
  Use: Scroll            |     6 |     3 |       ||     9
       Potion            |       |     1 |     1 ||     2
 Stab: Sleeping          |     2 |       |     2 ||     4
Armor: Leather armour    |    61 |    16 |    19 ||    96
Dodge: Dodged            |   133 |    65 |    90 ||   288

Table legend: (Time is in decaauts)
 A = Elapsed time spent in this place.
 B = Non-inter-level travel time spent in this place.
 C = Inter-level travel time spent in this place.
 D = Time resting spent in this place.
 E = Time spent auto-exploring this place.
 F = Levels seen in this place.
 G = Mean time per level.
                   A        B        C        D        E       F      G
               +--------+--------+--------+--------+--------+-----+--------+
         Total |   6116 |   5883 |    233 |    625 |   4464 |   7 |  873.7 |
       Dungeon |   6093 |   5860 |    233 |    625 |   4464 |   6 | 1015.5 |
        Temple |     23 |     23 |      0 |      0 |      0 |   1 |   23.0 |
               +--------+--------+--------+--------+--------+-----+--------+

Top non-repeatable levels by time:
     D:5: 1659 daAuts
     D:2: 1267 daAuts
     D:4: 1160 daAuts
     D:1: 976 daAuts
     D:3: 803 daAuts
     D:6: 226 daAuts
  Temple: 23 daAuts
